[Event "XVI Memorial Lezcano Montalvo 2024"]
[Site "Gran Canaria"]
[Date "2024.03.25"]
[Round "3.9"]
[White "Damia, Angelo"]
[Black "Sanz Wawer, Daniel"]
[Result "0-1"]
[ECO "B18"]
[WhiteElo "2240"]
[BlackElo "2397"]
[Annotator "TA"]
[PlyCount "90"]
[EventDate "2024.03.23"]
[EventType "swiss"]
[EventCountry "ESP"]
[SourceTitle "playchess.com"]
[Source "ChessBase"]
[SourceQuality "1"]
[TimeControl "5400+30"]

1. e4 c6 2. d4 d5 3. Nc3 dxe4 4. Nxe4 Bf5 5. Ng3 Bg6 6. h4 h6 7. N1e2 Nf6 8. Nf4 Bh7 9. Bc4 e6 10. c3 Nbd7 11. Qe2 Bd6 12. Bxe6 fxe6 {[%emt 0:11:46] Schwarz steht etwas besser.} 13. Nxe6 Qe7 14. Nxg7+ Kf7 15. Qxe7+ Bxe7 (15... Kxe7 16. N7f5+ Bxf5 17. Nxf5+ Ke6 18. Nxd6 Kxd6 19. f3) 16. N7f5 h5 17. Nxe7 {[%emt 0:03:59] Schwarz muss nun Nef5 beachten.} Rae8 18. f3 Rxe7+ 19. Kf2 {[%emt 0:00:10] Weiss ist schwach auf den weissen Feldern} c5 20. Be3 cxd4 21. Bxd4 Ne5 22. Kg1 b6 23. Kh2 Rhe8 (23... Rd8 {ist vielschichtiger.} 24. Rae1 Rd5 25. Re2 Ng6) 24. a4 Bg6 25. Rhd1 Nc4 26. b3 Ne3 {[%emt 0:00:33] Schwarz steht aktiver.} 27. Rd2 Nfd5 28. c4 Nb4 29. a5 Nec2 {[%emt 0:05:05] Hervorragende Reitkunst.} 30. Ra4 Nc6 31. Bc3 Re3 32. axb6 (32. Rd7+ $142 R8e7 33. Rxe7+ Kxe7 34. axb6 axb6 (34... Rxc3 35. bxa7 Nxa7 36. Rxa7+ Kf8 37. Ra5 $16) 35. Bd2 Rxb3 36. Ra8) 32... axb6 (32... Rxc3 $17 33. bxa7 Ra8 (33... Rxb3 $2 34. a8=Q $18) 34. Rd7+ Kf8) 33. Rd6 $15 R8e6 {[%emt 0:00:44] Tanz auf der Rasierklinge.} 34. Rd7+ Ke8 35. Rg7 {[%emt 0:00:30] Und jetzt Ra8+ wäre schön.} Kf8 $36 {[%emt 0:01:02][%mdl 2048] Schwarz drückt.} 36. Ra8+ Be8 $1 (36... Re8 37. Ra2 (37. Rxe8+ Bxe8 38. Bf6 Re6 $11) 37... Rxc3 38. Rxg6 $14) 37. Rb7 $2 {[%emt 0:01:56][%mdl 8192] Verliert die Partie.} Rxc3 $19 38. Rxb6 (38. Rh7 $142 Ne3 (38... Rxb3 39. Nxh5 b5 40. Nf4 $17) 39. Nxh5) 38... N2d4 39. b4 Rxc4 40. Nxh5 {[%emt 0:00:45] [#]} (40. b5 $142 Ne5 41. Rxe6 Nxe6 42. Ne4) 40... Nxf3+ $1 41. Kg3 (41. gxf3 Rxh4+) 41... Nxh4 42. Nf4 {[%emt 0:00:09] Pariert Rg6+.} Nf5+ 43. Kg4 Ne3+ ({Schlechter ist} 43... Rxb4 44. Rxb4 Nh6+ 45. Kf3 $11) 44. Kf3 {[%emt 0:00:31] [#]} Rxf4+ $1 45. Kxf4 Nd5+ {[%emt 0:00:02] Gewichteter Fehlerwert: Weiß=0.63/Schwarz=0.26 (präzise) .  Verlustzug:     	Weiß=1     	---        Fehler:       	Weiß=3     	Schwarz=1     Ungenau:       	Weiß=3     	Schwarz=3     OK:         	Weiß=9     	Schwarz=17    Bester:       	Weiß=2     	Schwarz=2     Stark:        	---       	Schwarz=1} 0-1

[Event "XVI Memorial Lezcano Montalvo 2024"]
[Site "Gran Canaria"]
[Date "2024.03.25"]
[Round "3.10"]
[White "Marrero Rodriguez, Jorge"]
[Black "Garcia Blanco, Omar"]
[Result "1-0"]
[ECO "A32"]
[WhiteElo "2177"]
[BlackElo "2377"]
[Annotator "RC"]
[PlyCount "89"]
[EventDate "2024.03.23"]
[EventType "swiss"]
[EventCountry "ESP"]
[SourceTitle "playchess.com"]
[Source "ChessBase"]
[SourceQuality "1"]
[TimeControl "5400+30"]

1. d4 d5 2. c4 e6 3. Nf3 c5 4. e3 cxd4 5. Nxd4 Nf6 6. Nc3 a6 7. cxd5 Nxd5 8. Bc4 Nxc3 9. bxc3 Qc7 10. Bb3 Bd6 11. f4 Nd7 12. O-O Nc5 13. Bc2 g6 14. Nf3 Bd7 15. Ne5 Bb5 16. c4 Bxe5 17. fxe5 Bxc4 18. Rf4 Rd8 19. Qf3 Bd3 20. Ba3 Qxe5 21. Rc1 O-O 22. Bxd3 Nxd3 23. Bxf8 Rxf8 24. Re4 Qd5 25. Rf1 Qxa2 26. Rd4 Nc5 27. Rd8 e5 28. Qf6 Qe6 29. Rxf8+ Kxf8 30. Qh8+ Ke7 31. Rd1 Nd7 32. Qxh7 Qg4 33. Rf1 Nf6 34. Qh8 Qg5 35. Kh1 Ne4 36. Qc8 Nd6 37. Qc5 Qh5 38. Qc7+ Ke6 39. Qd8 f5 40. Qg8+ Kf6 41. Qd8+ Ke6 42. Qg8+ Kf6 43. Qd5 Ne4 44. Qxe4 Qe2 45. Qh4+ 1-0

[Event "XVI Memorial Lezcano Montalvo 2024"]
[Site "Gran Canaria"]
[Date "2024.03.25"]
[Round "3.11"]
[White "Fiorito, Francisco"]
[Black "Hernandez Leon, Sergio"]
[Result "1-0"]
[ECO "A07"]
[WhiteElo "2368"]
[BlackElo "2172"]
[Annotator "RC"]
[PlyCount "49"]
[EventDate "2024.03.23"]
[EventType "swiss"]
[EventCountry "ESP"]
[SourceTitle "playchess.com"]
[Source "ChessBase"]
[SourceQuality "1"]
[TimeControl "5400+30"]

1. Nf3 d5 2. b3 Nf6 3. Bb2 Bf5 4. g3 e6 5. Bg2 Be7 6. O-O h6 7. d3 O-O 8. Nbd2 Bh7 9. Re1 c6 10. e4 a5 11. a3 Nbd7 12. Qe2 Qc7 13. a4 dxe4 14. dxe4 Nc5 15. Ne5 Nfd7 16. Ng4 Rfe8 17. Rad1 e5 18. Ne3 Ne6 19. Nf3 Ng5 20. Nxg5 Bxg5 21. Nc4 Be7 22. Bh3 Rad8 23. Bxd7 Rxd7 24. Bxe5 Qd8 25. Qg4 1-0

[Event "XVI Memorial Lezcano Montalvo 2024"]
[Site "Gran Canaria"]
[Date "2024.03.25"]
[Round "3.12"]
[White "Marrero Cardenes, Agustin"]
[Black "Larino Nieto, David"]
[Result "0-1"]
[ECO "E21"]
[WhiteElo "2093"]
[BlackElo "2365"]
[Annotator "RC"]
[PlyCount "94"]
[EventDate "2024.03.23"]
[EventType "swiss"]
[EventCountry "ESP"]
[SourceTitle "playchess.com"]
[Source "ChessBase"]
[SourceQuality "1"]
[TimeControl "5400+30"]

1. d4 e6 2. Nf3 b6 3. c4 Bb7 4. Nc3 Bb4 5. Bd2 Nf6 6. Qc2 O-O 7. e3 Bxc3 8. Bxc3 Ne4 9. Bd3 f5 10. O-O Nxc3 11. bxc3 Bxf3 12. gxf3 Qh4 13. Kh1 Qh5 14. Qe2 f4 15. Rg1 Rf6 16. Rg4 Rh6 17. h4 Nc6 18. Rag1 Kh8 19. R1g2 Rf8 20. Rh2 Rhf6 21. Rg5 Qh6 22. e4 e5 23. d5 Ne7 24. Rxe5 Ng6 25. Rg5 d6 26. e5 Nxe5 27. Be4 Nf7 28. Rg4 Qh5 29. Qf1 Qe5 30. Rhg2 Rh6 31. Kg1 Qf6 32. Qb1 Ne5 33. Rxg7 Qxh4 34. Kf1 Qh3 35. Ke2 Ng6 36. R2xg6 Rxg6 37. Rxc7 Rg7 38. Rc6 Qh4 39. Rxd6 Rg2 40. Qe1 Re8 41. Qf1 Rxe4+ 42. fxe4 Qg4+ 43. Kd2 Qf3 44. Kc1 Rxf2 45. Rd8+ Kg7 46. Qg1+ Kh6 47. Rd6+ Kh5 0-1

[Event "XVI Memorial Lezcano Montalvo 2024"]
[Site "Gran Canaria"]
[Date "2024.03.25"]
[Round "3.13"]
[White "Gonzalez Martinez, Miguel Angel"]
[Black "Omelja, Artem"]
[Result "0-1"]
[ECO "C01"]
[WhiteElo "2158"]
[BlackElo "2438"]
[Annotator "TA"]
[PlyCount "76"]
[EventDate "2024.03.23"]
[EventType "swiss"]
[EventCountry "ESP"]
[SourceTitle "playchess.com"]
[Source "ChessBase"]
[SourceQuality "1"]
[TimeControl "5400+30"]

1. e4 e6 2. d4 d5 3. exd5 exd5 4. Nf3 Nc6 5. c3 Bd6 6. Bd3 Nge7 7. Qc2 Bg4 8. Nbd2 Qd7 9. O-O O-O-O 10. b4 Kb8 11. b5 (11. Bxh7 $2 g6 12. b5 Na5 $19 (12... Rxh7 13. bxc6 Nxc6 14. h4 $17)) 11... Na5 {[%emt 0:00:00] Weiß steht etwas besser.} 12. Ne5 {[%emt 0:04:21] Pariert Ng6.} (12. Bxh7 g6 (12... Qxb5 13. Bd3 $15) 13. Qa4 b6 $19) 12... Bxe5 13. dxe5 Bf5 14. Ba3 Bg6 15. Rfe1 $36 {[%emt 0:09:54][%mdl 2048] Schwarz steht unter Druck.} (15. Rad1 {vereinfacht} Qe6 16. Rfe1 Rhe8 17. Bxe7 Rxe7 18. Bxg6 hxg6 19. Qa4) 15... Nc4 16. Bc5 (16. Nxc4 dxc4 17. Be4 Nd5 18. Bxg6 hxg6 $17) 16... Rhe8 17. Nxc4 dxc4 {[%emt 0:00:00] [#] Schwarz hat schwache schwarze Felder} 18. Qa4 $1 b6 $1 (18... cxd3 19. Qxa7+ Kc8 20. Qa8#) 19. Bxe7 (19. Qxc4 $2 Bxd3 (19... Qxd3 $2 20. Qxd3 Rxd3 21. Bd4 $19) 20. Qb3 bxc5 $19) 19... cxd3 20. Bxd8 Rxd8 21. Rad1 Qe6 {[%emt 0:00:00] Lässt Qc4 nicht zu} 22. Rd2 Rd5 23. f4 (23. Qc4 $16) 23... Rc5 $11 24. Qd4 Rc4 25. Qd8+ Kb7 26. Rxd3 Bxd3 27. Qxd3 Rxf4 {[%emt 0:00:00][%mdl 4096] Endspiel. KQR-KQR} 28. g3 Qc4 29. Qe3 (29. Qxc4 {vereinfacht} Rxc4 30. Rf1 f6 31. exf6 gxf6 32. Rxf6 Rxc3 33. Rh6) 29... Rf5 30. Rd1 (30. Qd4 $11 Qxd4+ (30... Qxb5 $2 31. Qe4+ Kb8 32. Qxf5 $18) 31. cxd4) 30... f6 (30... Qxb5 $2 31. Qe4+ Ka6 32. Qxf5 $18) 31. e6 $1 Qxb5 {[%emt 0:00:00] [#] ...Qc6 ist eine echte Drohung.} (31... Qxa2 32. Qe4+) 32. Qe4+ Ka6 {[%emt 0:00:00] ...Re5 wäre nun fies.} 33. c4 (33. a4 $11 Qc5+ 34. Qd4 (34. Rd4 $2 Re5 $19)) 33... Qc5+ $15 34. Kh1 $2 {[%emt 0:00:01][%mdl 8192] Danach ist Weiß chancenlos.} ({Der einzige Zug:} 34. Qd4 $1 $15 Qxd4+ 35. Rxd4) 34... Re5 $19 35. Qa8 (35. Qc2 $142) 35... Qxc4 {[%emt 0:00:00] Schwarz steht klar auf Gewinn.} 36. Qc8+ Ka5 37. Qd7 {[%emt 0:00:23] Verhindert Qc6+} Rxe6 {[%emt 0:00:00] Und ...Re2 würde nun gewinnen.} (37... Qxa2 38. Qxc7 Qxe6 39. Qxa7+ Kb4 40. Rb1+ Kc5 41. Rc1+ Kb4 42. Rb1+ Kc5 43. Qa3+ Kc6 44. Qa8+ Kd7 (44... Kc5 45. Rc1+ Kb5 46. Rb1+ Kc5 47. Rc1+ Kb4 48. Rb1+ Kc5 $11) 45. Qb7+ Ke8 46. Qxb6 $15) 38. Rd5+ (38. Qd2+ $142 Ka6 39. Rc1 Qe4+ 40. Kg1) 38... b5 {[%emt 0:00:00] Gewichteter Fehlerwert: Weiß=0.49/Schwarz=0.09 (makellos) .  Verlustzug:     	Weiß=1     	---        Fehler:       	Weiß=5     	---        Ungenau:       	Weiß=2     	Schwarz=3     OK:         	Weiß=10    	Schwarz=11    Bester:       	Weiß=3     	Schwarz=6     Stark:        	Weiß=2     	Schwarz=1} 0-1

[Event "XVI Memorial Lezcano Montalvo 2024"]
[Site "Gran Canaria"]
[Date "2024.03.25"]
[Round "3.14"]
[White "Barlov, Dragan"]
[Black "Quiceno Ramirez, Edwin Alejandro"]
[Result "1-0"]
[ECO "B33"]
[WhiteElo "2387"]
[BlackElo "1888"]
[Annotator "RC"]
[PlyCount "119"]
[EventDate "2024.03.23"]
[EventType "swiss"]
[EventCountry "ESP"]
[SourceTitle "playchess.com"]
[Source "ChessBase"]
[SourceQuality "1"]
[TimeControl "5400+30"]

1. e4 c5 2. Nf3 Nc6 3. d4 cxd4 4. Nxd4 Nf6 5. Nc3 e5 6. Ndb5 d6 7. a4 a6 8. Na3 Bg4 9. Be2 Bxe2 10. Qxe2 d5 11. exd5 Nxd5 12. Nxd5 Qxd5 13. O-O Nd4 14. Qd1 O-O-O 15. Be3 f5 16. c3 Nb3 17. Qxd5 Rxd5 18. Nc4 Kc7 19. Rad1 Kc6 20. f3 Bc5 21. Bxc5 Kxc5 22. Ne3 Rxd1 23. Rxd1 f4 24. Ng4 Re8 25. Nf2 Kc6 26. Ne4 Re7 27. Rd8 Rd7 28. Rxd7 Kxd7 29. Kf1 Kc6 30. Ke2 Kd5 31. Kd3 b5 32. axb5 axb5 33. Kc2 Na1+ 34. Kd3 Nb3 35. h4 g6 36. Nf6+ Ke6 37. Nxh7 Nc5+ 38. Kc2 e4 39. Ng5+ Kf5 40. Nxe4 Nxe4 41. fxe4+ Kxe4 42. b4 Ke3 43. c4 Kf2 44. cxb5 Kxg2 45. b6 f3 46. b7 f2 47. b8=Q f1=Q 48. Qd6 Qc4+ 49. Kb2 Qe2+ 50. Kc3 Qf3+ 51. Qd3 Qf6+ 52. Qd4 Qf3+ 53. Kd2 Kh1 54. b5 g5 55. hxg5 Qg2+ 56. Kc3 Qxg5 57. Kb4 Qe7+ 58. Ka5 Qa3+ 59. Kb6 Qa8 60. Kc7 1-0

[Event "XVI Memorial Lezcano Montalvo 2024"]
[Site "Gran Canaria"]
[Date "2024.03.25"]
[Round "3.15"]
[White "Sanchez Gonzalez, Diego"]
[Black "Garcia Padron, Jose"]
[Result "0-1"]
[ECO "E44"]
[WhiteElo "1908"]
[BlackElo "2385"]
[Annotator "RC"]
[PlyCount "67"]
[EventDate "2024.03.23"]
[EventType "swiss"]
[EventCountry "ESP"]
[SourceTitle "playchess.com"]
[Source "ChessBase"]
[SourceQuality "1"]
[TimeControl "5400+30"]

1. d4 Nf6 2. c4 e6 3. Nc3 Bb4 4. e3 b6 5. Nge2 Bb7 6. a3 Bxc3+ 7. Nxc3 d5 8. cxd5 exd5 9. Bd3 Nbd7 10. b4 O-O 11. Qb3 c6 12. O-O Rb8 13. Rd1 c5 14. dxc5 bxc5 15. Bf5 Bc6 16. Bb2 Nb6 17. b5 Nc4 18. Qxc4 dxc4 19. Rxd8 Rfxd8 20. bxc6 Ne8 21. Na4 Rd5 22. e4 Rd2 23. Bc3 Ra2 24. Rd1 f6 25. Be6+ Kf8 26. Nxc5 Rxa3 27. Nd7+ Ke7 28. Nxb8 Rxc3 29. Bg4 a5 30. Kf1 a4 31. Rd7+ Kf8 32. Be6 a3 33. Rf7+ Kg8 34. Rxf6+ 0-1

[Event "XVI Memorial Lezcano Montalvo 2024"]
[Site "Gran Canaria"]
[Date "2024.03.25"]
[Round "3.16"]
[White "Hernando Rodrigo, Jose Maria"]
[Black "Blanco Garcia Bajo, David"]
[Result "1-0"]
[ECO "C44"]
[WhiteElo "2257"]
[BlackElo "2004"]
[Annotator "RC"]
[PlyCount "71"]
[EventDate "2024.03.23"]
[EventType "swiss"]
[EventCountry "ESP"]
[SourceTitle "playchess.com"]
[Source "ChessBase"]
[SourceQuality "1"]
[TimeControl "5400+30"]

1. e4 e5 2. Nf3 Nc6 3. d4 exd4 4. c3 dxc3 5. Nxc3 Bb4 6. Bc4 Bxc3+ 7. bxc3 d6 8. Qb3 Qd7 9. Bd5 Nf6 10. O-O O-O 11. c4 Ne7 12. Ng5 Nexd5 13. exd5 Qf5 14. Nf3 Ne4 15. Be3 Qg6 16. Bd4 b6 17. Rfe1 f5 18. Qc2 Bd7 19. Re3 Rae8 20. Nd2 Nf6 21. Rg3 Qh6 22. Rh3 Qf4 23. Qc3 Re7 24. Rg3 Qh6 25. Rh3 Nh5 26. f4 Nxf4 27. Rxh6 Ne2+ 28. Kh1 Nxc3 29. Rh3 Ne4 30. Nf1 f4 31. Ra3 a5 32. Kg1 Ng5 33. h4 Nf7 34. Nd2 Nh6 35. Rf3 Re2 36. Bc3 1-0

[Event "XVI Memorial Lezcano Montalvo 2024"]
[Site "Gran Canaria"]
[Date "2024.03.25"]
[Round "3.17"]
[White "Estremera Panos, Sergio"]
[Black "Perez Celis, Alba"]
[Result "1-0"]
[ECO "A06"]
[WhiteElo "2233"]
[BlackElo "1854"]
[Annotator "RC"]
[PlyCount "81"]
[EventDate "2024.03.23"]
[EventType "swiss"]
[EventCountry "ESP"]
[SourceTitle "playchess.com"]
[Source "ChessBase"]
[SourceQuality "1"]
[TimeControl "5400+30"]

1. d4 d5 2. c4 c6 3. Nf3 Nf6 4. e3 e6 5. b3 Nbd7 6. Bd3 Bd6 7. Bb2 O-O 8. Nbd2 Re8 9. Ne5 Qc7 10. f4 b6 11. O-O Bb7 12. Rc1 Rac8 13. Qf3 Nf8 14. c5 Be7 15. b4 a6 16. Nb3 Ng6 17. g3 Bf8 18. cxb6 Qxb6 19. a3 Ne4 20. Nd7 Qc7 21. Ndc5 f5 22. Qe2 Bxc5 23. Nxc5 Ra8 24. Nb3 Qe7 25. Rc2 Nf8 26. Rfc1 Nd7 27. Na5 Nb8 28. Bc3 Rf8 29. Be1 Rf7 30. Kh1 g5 31. Qh5 g4 32. Bxe4 dxe4 33. h3 Rg7 34. Nxb7 Rg6 35. Nc5 Qf8 36. Rh2 Rh6 37. Qg5+ Rg6 38. Nxe6 Qc8 39. Qd8+ Qxd8 40. Nxd8 Ra7 41. hxg4 1-0

[Event "XVI Memorial Lezcano Montalvo 2024"]
[Site "Gran Canaria"]
[Date "2024.03.25"]
[Round "3.18"]
[White "Ramos Santana, Marcelino"]
[Black "Tytynnik, Artem"]
[Result "0-1"]
[ECO "B23"]
[WhiteElo "1897"]
[BlackElo "2197"]
[Annotator "RC"]
[PlyCount "106"]
[EventDate "2024.03.23"]
[EventType "swiss"]
[EventCountry "ESP"]
[SourceTitle "playchess.com"]
[Source "ChessBase"]
[SourceQuality "1"]
[TimeControl "5400+30"]

1. e4 c5 2. Nc3 d6 3. f4 Nc6 4. Nf3 g6 5. Bb5 Bd7 6. O-O Bg7 7. d3 Nd4 8. Bxd7+ Qxd7 9. Be3 Nxf3+ 10. Qxf3 Nf6 11. h3 Qc6 12. a4 O-O 13. Rae1 e6 14. g4 d5 15. e5 Nd7 16. d4 f6 17. Qe2 fxe5 18. fxe5 cxd4 19. Bxd4 a6 20. b3 Qc7 21. Qe3 Rxf1+ 22. Kxf1 b5 23. Re2 b4 24. Na2 a5 25. Nc1 Rf8+ 26. Kg2 Nb8 27. Bc5 Rc8 28. Bd6 Qb7 29. Nd3 Nc6 30. Kg3 Nd8 31. h4 Nf7 32. Bc5 Rc6 33. Bd4 Qc7 34. Qf2 Qc8 35. Kh3 Nd8 36. Kg3 Rc7 37. Bb6 Rf7 38. Qc5 Nc6 39. Bxa5 Bf8 40. Qb6 Ra7 41. Nxb4 Bxb4 42. Bxb4 Rb7 43. Qc5 Rxb4 44. Rf2 Re4 45. a5 h5 46. g5 Rxe5 47. b4 d4 48. Qd6 Rd5 49. Rf8+ Qxf8 50. Qxe6+ Qf7 51. Qxc6 d3 52. Qc8+ Kh7 53. Qc4 d2 0-1

[Event "XVI Memorial Lezcano Montalvo 2024"]
[Site "Gran Canaria"]
[Date "2024.03.25"]
[Round "3.19"]
[White "Mendez Acosta, Alexander Jesus"]
[Black "Morales Camacho, Julian"]
[Result "1/2-1/2"]
[ECO "D26"]
[WhiteElo "2025"]
[BlackElo "2186"]
[Annotator "RC"]
[PlyCount "33"]
[EventDate "2024.03.23"]
[EventType "swiss"]
[EventCountry "ESP"]
[SourceTitle "playchess.com"]
[Source "ChessBase"]
[SourceQuality "1"]
[TimeControl "5400+30"]

1. c4 e6 2. Nc3 d5 3. e3 Nf6 4. Nf3 Be7 5. Be2 dxc4 6. Bxc4 c5 7. d4 a6 8. dxc5 Qxd1+ 9. Kxd1 Bxc5 10. a3 b5 11. Ba2 Bb7 12. b4 Be7 13. Bb2 Nbd7 14. Ke2 O-O 15. Rhd1 Rfd8 16. Rac1 Rac8 17. Nb1 1/2-1/2

[Event "XVI Memorial Lezcano Montalvo 2024"]
[Site "Gran Canaria"]
[Date "2024.03.25"]
[Round "3.20"]
[White "Bangiev, Katharina"]
[Black "Lopez Pereyra, Antonio"]
[Result "1/2-1/2"]
[ECO "C15"]
[WhiteElo "1779"]
[BlackElo "2069"]
[Annotator "RC"]
[PlyCount "61"]
[EventDate "2024.03.23"]
[EventType "swiss"]
[EventCountry "ESP"]
[SourceTitle "playchess.com"]
[Source "ChessBase"]
[SourceQuality "1"]
[TimeControl "5400+30"]

1. e4 e6 2. d4 d5 3. Nc3 Bb4 4. Nge2 dxe4 5. a3 Bxc3+ 6. Nxc3 Nc6 7. Bb5 Nge7 8. Nxe4 O-O 9. c3 a6 10. Bd3 f6 11. Qh5 g6 12. Qf3 Nf5 13. g4 Nd6 14. Bh6 Rf7 15. h4 Nxe4 16. Bxe4 Qe8 17. O-O-O Na5 18. d5 Qb5 19. dxe6 Bxe6 20. Bd5 Nc4 21. b4 Bxd5 22. Qxd5 Qxd5 23. Rxd5 c6 24. Rd4 b5 25. a4 Re7 26. Rhd1 Rae8 27. Rf4 Re2 28. Rxf6 Na3 29. Rd2 Re1+ 30. Rd1 R1e2 31. Rd2 1/2-1/2

[Event "XVI Memorial Lezcano Montalvo 2024"]
[Site "Gran Canaria"]
[Date "2024.03.25"]
[Round "3.21"]
[White "Lorenzo Ventura, Abel"]
[Black "Perez Bolanos, David"]
[Result "0-1"]
[ECO "D00"]
[WhiteElo "1772"]
[BlackElo "2053"]
[Annotator "RC"]
[PlyCount "88"]
[EventDate "2024.03.23"]
[EventType "swiss"]
[EventCountry "ESP"]
[SourceTitle "playchess.com"]
[Source "ChessBase"]
[SourceQuality "1"]
[TimeControl "5400+30"]

1. d4 d5 2. Bf4 c5 3. e3 Nc6 4. c3 Bf5 5. Nd2 e6 6. Qb3 Qd7 7. Ngf3 f6 8. h3 Nge7 9. Be2 Ng6 10. Bg3 c4 11. Qa4 a6 12. Bxc4 dxc4 13. e4 b5 14. Qc2 Be7 15. exf5 exf5 16. O-O O-O 17. Nh4 Nxh4 18. Bxh4 Bd6 19. f3 Ne7 20. Rfe1 Nd5 21. Nf1 Nf4 22. Ne3 Nd3 23. Re2 Bc7 24. b3 Qd6 25. Nf1 Rae8 26. Bg3 f4 27. Bf2 f5 28. bxc4 bxc4 29. Rd2 Qc6 30. Rb1 Rf6 31. Nh2 Rg6 32. a4 Ba5 33. Qa2 Bxc3 34. Rxd3 Ba5 35. d5 Qf6 36. Rdd1 Rc8 37. d6 Qg5 38. Be1 Bxe1 39. Rxe1 Rxd6 40. Rbc1 Rdc6 41. Rxc4 Rxc4 42. Rc1 Qe7 43. Rxc4 Qe3+ 44. Kh1 Qe1+ 0-1

[Event "XVI Memorial Lezcano Montalvo 2024"]
[Site "Gran Canaria"]
[Date "2024.03.25"]
[Round "3.22"]
[White "Perez Bolanos, Joel"]
[Black "Cabrera Ramos, Javier"]
[Result "1-0"]
[ECO "B15"]
[WhiteElo "2046"]
[BlackElo "1784"]
[Annotator "NA RC"]
[PlyCount "55"]
[EventDate "2024.03.23"]
[EventType "swiss"]
[EventCountry "ESP"]
[SourceTitle "playchess.com"]
[Source "ChessBase"]
[SourceQuality "1"]
[TimeControl "5400+30"]

1. e4 g6 2. d4 c6 3. Nc3 d5 4. e5 Bg7 5. Be3 f6 6. f4 {[%emt 0:00:00] B15: Caro-Kann: 3 Nc3: 3...g6 and 3...dxe4 4 Nxe4 Nf6 5 Nxf6+ exf6.} Nh6 7. h3 O-O 8. Nf3 e6 9. Be2 c5 10. dxc5 Nc6 11. O-O Nf5 12. Bf2 fxe5 13. fxe5 Nxe5 14. Nd4 Nxd4 15. Bxd4 Rxf1+ 16. Bxf1 Qg5 17. Kh1 Bd7 18. Qc1 Qh4 19. Bg1 {[%emt 0:00:00] [#]} d4 $19 20. Ne2 Bc6 21. Bxd4 Bh6 22. Qe1 Qxh3+ 23. Kg1 Qh5 24. Ng3 Nf3+ 25. gxf3 Qxf3 26. Qxe6+ Kf8 27. Qd6+ Kg8 28. Bc4+ 1-0

[Event "XVI Memorial Lezcano Montalvo 2024"]
[Site "Gran Canaria"]
[Date "2024.03.25"]
[Round "3.23"]
[White "Perez Betancor, Jose Luis"]
[Black "Lizzul Coppe, Mirko"]
[Result "1-0"]
[ECO "B22"]
[WhiteElo "1765"]
[BlackElo "2027"]
[Annotator "RC"]
[PlyCount "69"]
[EventDate "2024.03.23"]
[EventType "swiss"]
[EventCountry "ESP"]
[SourceTitle "playchess.com"]
[Source "ChessBase"]
[SourceQuality "1"]
[TimeControl "5400+30"]

1. e4 c5 2. d4 cxd4 3. c3 Nf6 4. e5 Nd5 5. cxd4 d6 6. Nf3 Nc6 7. Bc4 dxe5 8. dxe5 Ndb4 9. Qxd8+ Nxd8 10. Na3 a6 11. O-O Bg4 12. Nd4 e6 13. Be3 Ndc6 14. Nxc6 Nxc6 15. f4 Bf5 16. Bb3 Be7 17. Nc4 O-O 18. Bb6 Nb4 19. Nd6 Bg6 20. Rac1 Bd8 21. Bxd8 Raxd8 22. Rc7 b5 23. g4 Bd3 24. Rfc1 Nd5 25. Bxd5 exd5 26. Ra7 f6 27. Rcc7 fxe5 28. Rxg7+ Kh8 29. f5 Rf6 30. Rxh7+ Kg8 31. Rag7+ Kf8 32. Rc7 Kg8 33. Nb7 Re8 34. Nc5 Bb1 35. Rcg7+ 1-0

[Event "XVI Memorial Lezcano Montalvo 2024"]
[Site "Gran Canaria"]
[Date "2024.03.25"]
[Round "3.24"]
[White "Julien Casteleiro, Ariel"]
[Black "Sarmiento Afonso, Santiago"]
[Result "1/2-1/2"]
[ECO "A46"]
[WhiteElo "1739"]
[BlackElo "2023"]
[Annotator "RC"]
[PlyCount "101"]
[EventDate "2024.03.23"]
[EventType "swiss"]
[EventCountry "ESP"]
[SourceTitle "playchess.com"]
[Source "ChessBase"]
[SourceQuality "1"]
[TimeControl "5400+30"]

1. d4 Nf6 2. Nf3 e6 3. Bf4 c5 4. c3 Be7 5. h3 cxd4 6. cxd4 O-O 7. Nbd2 b6 8. e3 Bb7 9. Bd3 Nd5 10. Bg3 f5 11. O-O f4 12. exf4 Nxf4 13. Bc2 Nc6 14. a3 Rc8 15. Re1 Na5 16. Bb1 Kh8 17. b4 Nc6 18. Qc2 g6 19. Qe4 Nd5 20. Bd3 Bf6 21. Rac1 Nce7 22. Nc4 Nxb4 23. Qxb7 Nxd3 24. Nfe5 Nxe1 25. Rxe1 Nf5 26. Bh2 d5 27. g4 Nh6 28. Nd6 Rc7 29. Qa6 Kg8 30. Nb5 Rc2 31. Qxa7 Bg7 32. Bg3 Nf7 33. Nd7 Re8 34. Nxb6 Ng5 35. Kg2 Qf6 36. Re3 Ne4 37. Rf3 Qe7 38. Qa4 Rec8 39. Nxc8 Rxc8 40. Qa6 Rf8 41. Rxf8+ Bxf8 42. a4 Nxg3 43. Kxg3 h5 44. Qc8 Kf7 45. a5 Qb4 46. Qb7+ Kf6 47. a6 Qd2 48. a7 Qd3+ 49. Kg2 Qe4+ 50. Kg1 Qe1+ 51. Kg2 1/2-1/2

[Event "XVI Memorial Lezcano Montalvo 2024"]
[Site "Gran Canaria"]
[Date "2024.03.25"]
[Round "3.25"]
[White "Bergero, Simone"]
[Black "Grube, Kurt"]
[Result "1-0"]
[ECO "A45"]
[WhiteElo "2022"]
[BlackElo "1773"]
[Annotator "RC"]
[PlyCount "47"]
[EventDate "2024.03.23"]
[EventType "swiss"]
[EventCountry "ESP"]
[SourceTitle "playchess.com"]
[Source "ChessBase"]
[SourceQuality "1"]
[TimeControl "5400+30"]

1. d4 Nf6 2. Bg5 e6 3. e4 Be7 4. Bd3 d6 5. Nc3 Nbd7 6. Nf3 h6 7. Bf4 c6 8. a4 a5 9. Qd2 g5 10. Bg3 g4 11. Ng1 Nh5 12. f4 Nxg3 13. hxg3 e5 14. Nge2 Bf6 15. dxe5 dxe5 16. O-O-O Qe7 17. Kb1 Nc5 18. fxe5 Bg5 19. Nf4 Qxe5 20. Qf2 Ne6 21. Nfd5 cxd5 22. exd5 Qd4 23. Bb5+ Kf8 24. Rxd4 1-0

[Event "XVI Memorial Lezcano Montalvo 2024"]
[Site "Gran Canaria"]
[Date "2024.03.25"]
[Round "3.27"]
[White "Barrera Martin, Nayra Maria"]
[Black "Fernandez Manrique, Agustin"]
[Result "1/2-1/2"]
[ECO "E90"]
[WhiteElo "1728"]
[BlackElo "2017"]
[Annotator "RC"]
[PlyCount "111"]
[EventDate "2024.03.23"]
[EventType "swiss"]
[EventCountry "ESP"]
[SourceTitle "playchess.com"]
[Source "ChessBase"]
[SourceQuality "1"]
[TimeControl "5400+30"]

1. c4 Nf6 2. d4 g6 3. Nc3 Bg7 4. e4 d6 5. Be3 O-O 6. Nf3 Nbd7 7. Bd3 e5 8. O-O c6 9. h3 exd4 10. Bxd4 Re8 11. Re1 Ne5 12. Nxe5 dxe5 13. Be3 Nh5 14. Be2 Nf4 15. Qxd8 Nxe2+ 16. Rxe2 Rxd8 17. Rd2 Rxd2 18. Bxd2 Be6 19. b3 f5 20. Re1 Rd8 21. Bg5 Rd3 22. Na4 b6 23. Nb2 Rd4 24. f3 f4 25. Rd1 Rxd1+ 26. Nxd1 Kf7 27. Bd8 Ke8 28. Bc7 Kd7 29. Bb8 Kc8 30. Bd6 Kd7 31. Bb4 h5 32. Kf2 g5 33. Nb2 g4 34. hxg4 hxg4 35. Nd3 gxf3 36. gxf3 Bf6 37. Ke2 Bf7 38. Bc3 Ke6 39. Bb4 Bd8 40. Bc3 Bc7 41. Nb4 Be8 42. Nd3 Bd6 43. Kf2 Bd7 44. Ke2 Bc8 45. Kf2 Ba6 46. Ke2 Bb7 47. Kf2 Ba6 48. Ke2 Bb7 49. Kf2 a5 50. Nb2 Bc7 51. Na4 Bd6 52. Nb2 Bc7 53. Nd3 Ba6 54. Nb2 b5 55. Ke2 b4 56. Bd2 1/2-1/2